 Dungeon Crawl Stone Soup version 0.29.0-13-gc9e81de378 (webtiles) character file.

Game seed: 8712394678839982092

275 ghwc the Ruffian (level 6, -5/46 (53) HPs)
             Began as a Troll Summoner on Sept 9, 2022.
             Was an Initiate of Gozag.
             Slain by Edmund
             ... wielding a +8 dire flail of draining
              (13 damage)
             ... on level 4 of the Dungeon.
             The game lasted 00:03:03 (2912 turns).

ghwc the Ruffian (Troll Summoner)                   Turns: 2912, Time: 00:03:04

HP:   -5/46 (53)    AC:  4    Str: 19    XL:     6   Next: 3%
MP:   6/6           EV:  9    Int: 17    God:    Gozag
Gold: 567           SH:  0    Dex: 10    Spells: 6/7 levels left

rFire   . . .      SeeInvis .     - Unarmed
rCold   . . .      Faith    .   (no shield)
rNeg    . . .      Spirit   .   a - +0 robe
rPois   +          Reflect  .   (helmet restricted)
rElec   +          Harm     .   (no cloak)
rCorr   .          Rampage  .   (gloves unavailable)
Will    .....                   (boots unavailable)
Stlth   +.........              (no amulet)
HPRegen 0.95/turn               j - ring of poison resistance
MPRegen 0.10/turn               i - +6 ring of intelligence

@: heavily drained
A: large, unfitting armour, claws 3, regeneration 1, shaggy fur 1, tough skin 1,
horns 1, low MP 1, electricity resistance
a: Renounce Religion, Potion Petition, Call Merchant, Bribe Branch


You were on level 4 of the Dungeon.
You worshipped Gozag.
Gozag was pleased with you.
You visited 1 branch of the dungeon, and saw 4 of its levels.

You collected 567 gold pieces.

Inventory:

Missiles
 h - 6 curare-tipped darts
 q - 11 poisoned darts
Armour
 a - a +0 robe (worn)
Jewellery
 i - a +6 ring of intelligence (right claw)
 j - a ring of poison resistance (left claw)
Wands
 t - a wand of roots (11)
Scrolls
 c - a scroll of torment {unknown}
 d - 2 scrolls of acquirement {unknown}
 f - a scroll of immolation
 g - a scroll of enchant weapon {unknown}
 k - 5 scrolls of identify {unknown}
 l - a scroll of magic mapping {unknown}
 m - 2 scrolls of teleportation {unknown}
 n - 2 scrolls of blinking {unknown}
 p - a scroll of noise {unknown}
 u - a scroll of amnesia {unknown}
Potions
 b - 3 potions of magic
 e - a potion of ambrosia {unknown}
 o - 2 potions of flight
 r - a potion of mutation
 s - a potion of resistance {unknown}


   Skills:
 - Level 1.5 Dodging
 - Level 1.0 Stealth
 + Level 5.9 Unarmed Combat
 - Level 1.2 Spellcasting
 - Level 2.9 Summonings


You had 6 spell levels left.
You knew the following spells:

 Your Spells              Type           Power      Damage    Failure   Level
a - Summon Small Mammal   Summ           44%        N/A       6%          1

Your spell library contained the following spells:

 Spells                   Type           Power      Damage    Failure   Level
 Call Imp                 Summ           11%        N/A       10%         2
 Call Canine Familiar     Summ           11%        N/A       19%         3
 Summon Guardian Golem    Hex/Summ       6%         N/A       34%         3
 Gell's Gravitas          Tloc           1%         N/A       54%         3
 Teleport Other           Tloc           1%         N/A       54%         3
 Summon Lightning Spire   Summ/Air       6%         N/A       75%         4
 Dispersal                Tloc           0%         N/A       100%        6


Dungeon Overview and Level Annotations

Branches:
Dungeon (4/15)
 Temple: D:4-7

Altars:
Dithmenos
Gozag
Trog
Vehumet

Annotations:
D:3 1 transporter, Bartlander's ghost, amateur BaHu
D:4 1 transporter, Edmund


Innate Abilities, Weirdness & Mutations

You are too large for most types of armour.
You have claws for hands.
Your natural rate of healing is unusually fast.
You are covered in fur. (AC +1)
You have tough skin. (AC +1)
You have a pair of small horns on your head.
Your magical capacity is low. (-10% MP)
You are resistant to electric shocks. (rElec)


Message History

Edmund shouts!
Edmund hits you with a +8 dire flail of draining!
You feel drained.
You see here a +0 plate armour.
You scratch Edmund.
Edmund is lightly wounded.
You closely miss Edmund. You headbutt Edmund.
Edmund is lightly wounded.
Edmund hits you with a +8 dire flail of draining.
You feel drained.
You claw Edmund!
Edmund is moderately wounded.
Edmund hits you with a +8 dire flail of draining!
You feel drained.
You closely miss Edmund. Your headbutt misses Edmund.
Edmund is moderately wounded.
Edmund hits you with a +8 dire flail of draining!
* * * LOW HITPOINT WARNING * * *
You feel drained.
* * * LOW HITPOINT WARNING * * *
You are too injured to fight recklessly!
You are too injured to fight recklessly!
You are too injured to fight recklessly!
You are too injured to fight recklessly!
You are too injured to fight recklessly!
You are too injured to fight recklessly!
You are too injured to fight recklessly!
You are too injured to fight recklessly!
You are too injured to fight recklessly!
You are too injured to fight recklessly!
You are too injured to fight recklessly!
You are too injured to fight recklessly!
You are too injured to fight recklessly!
You are too injured to fight recklessly!
You are too injured to fight recklessly!
You are too injured to fight recklessly!
Edmund attacks as you move away!
Edmund hits you with a +8 dire flail of draining!
You die...
Your body crumbles into a pile of gold.

##..........#.# #.#
#........P....# #.#
#......P.♣P..# #.#
.##...........###.#
.#...#...........#
##...#.##....###.#
#....#.####### #.#
##).....#########.#
.##............@@.#
. #...#############
.##..## ##..!##
......# ......#
.........
.....###.# .##### #


You could see Edmund.

Vanquished Creatures
  An ogre (D:4)
  A necrophage (D:3)
  3 adders
  4 worms
  9 dart slugs
  5 orcs
  3 bats (D:3)
  3 endoplasms
  3 giant cockroaches
  8 goblins
  4 hobgoblins
  4 jackals (D:2)
  11 kobolds
  3 quokkas (D:3)
  5 ball pythons
  5 frilled lizards
  A rat (D:2)
73 creatures vanquished.

Notes
Turn   | Place    | Note
-------+----------+-------------------------------------------
     0 | D:1      | ghwc the Troll Summoner began the quest for the Orb.
     0 | D:1      | Reached XP level 1. HP: 16/16 MP: 1/1
     6 | D:1      | Noticed a scorpion
     6 | D:1      | Noticed a water moccasin
     6 | D:1      | Noticed a hound
     7 | D:1      | Noticed a swamp worm
     7 | D:1      | Noticed an iguana
    94 | D:1      | Reached skill level 1 in Unarmed Combat
   161 | D:1      | Found a faded altar of an unknown god.
   174 | D:1      | Reached XP level 2. HP: 24/24 MP: 2/2
   203 | D:1      | Prayed at the altar of an unknown god.
   203 | D:1      | Became a worshipper of Gozag Ym Sagoz the Greedy
   472 | D:1      | Reached skill level 2 in Unarmed Combat
   831 | D:2      | Reached XP level 3. HP: 28/31 MP: 3/3
   864 | D:2      | Reached skill level 3 in Unarmed Combat
  1040 | D:2      | Found a bloodstained altar of Trog.
  1364 | D:2      | Reached XP level 4. HP: 35/39 MP: 4/4
  1641 | D:3      | Found a transporter.
  1774 | D:3      | Noticed a necrophage
  1778 | D:3      | Reached skill level 4 in Unarmed Combat
  1795 | D:3      | Gained mutation: Your magical capacity is low. (-10% MP)
                  | [potion of mutation]
  1795 | D:3      | Gained mutation: You are resistant to electric shocks.
                  | (rElec) [potion of mutation]
  1795 | D:3      | Gained mutation: You have a pair of small horns on your
                  | head. [potion of mutation]
  1804 | D:3      | Killed a necrophage
  1805 | D:3      | Reached XP level 5. HP: 36/44 MP: 5/5
  1932 | D:3      | Reached skill level 5 in Unarmed Combat
  1933 | D:3      | Found an opulent altar of Gozag.
  2006 | D:3      | Found a bloodstained altar of Trog.
  2007 | D:3      | Found a shadowy altar of Dithmenos.
  2226 | D:3      | Noticed Bartlander's ghost (amateur BaHu)
  2226 | D:3      | Noticed an ogre
  2227 | D:3      | Identified the +2 great mace of Dethioll {drain, rF+ Will-
                  | Str+4 Dex-4 Stlth+}
  2227 | D:3      | Noticed an ogre
  2348 | D:3      | Found a radiant altar of Vehumet.
  2673 | D:3      | Noticed an ogre
  2769 | D:4      | Noticed an ogre
  2779 | D:4      | Killed an ogre
  2780 | D:4      | Reached XP level 6. HP: 7/53 MP: 6/6
  2855 | D:4      | Found a transporter.
  2906 | D:4      | Noticed Edmund
  2912 | D:4      | Slain by Edmund

Illustrated notes

Levels and vault maps discovered:
D:1:      onia_arrival_zoo_common, layout_loops_ring,
          hellmonk_ecumenical_altar_blasted, minmay_misc_feat_doors
D:2:      layout_loops_corners, basic_altar
D:3:      layout_basic, lemuel_crystal_altar, gammafunk_temple_overflow_statue,
          vehumet_crystals, gammafunk_ghost_smash, minmay_vboxes
D:4:      layout_basic, mainiacjoe_overflow_alcove_2,
          mainiacjoe_overflow_brackets, gammafunk_ghost_abyssal_escape,
          serial_park_tiny_2, uniq_edmund

Skill      XL: |  1  2  3  4  5 |
---------------+----------------+-----
Unarmed Combat | 1 2 3 4 5 |  5.9
Dodging        | |  1.5
Stealth        | |  1.0
Spellcasting   | |  1.2
Summonings     | |  2.9

Action                   |  1- 3 |  4- 6 || total
-------------------------+-------+-------++-------
Melee: Unarmed           |    86 |   108 ||   194
       Punch             |     3 |     4 ||     7
       Headbutt          |       |    15 ||    15
  Use: Potion            |       |     7 ||     7
 Stab: Sleeping          |     3 |       ||     3
       Distracted        |       |     1 ||     1
Armor: Robe              |    13 |    37 ||    50
Dodge: Dodged            |    30 |    37 ||    67
